 Dungeon Crawl Stone Soup version 0.24-a0-416-g56ce5178b7 (webtiles) character file.

Game seed: 8281943375555176534

30 yoda5477 the Grave Robber (level 3, -2/24 HPs)
             Began as a Vampire Necromancer on June 8, 2019.
             Slain by a worker ant (6 damage)
             ... on level 3 of the Dungeon.
             The game lasted 00:08:29 (1291 turns).

yoda5477 the Grave Robber (Vampire Necromancer)     Turns: 1291, Time: 00:08:30

Health: -2/24      AC:  2    Str:  7    XL:     3   Next: 5%
Magic:  6/6        EV: 13    Int: 17    God:
Gold:   51         SH:  0    Dex: 15    Spells: 4/6 levels left

rFire    . . .     SeeInvis +   h - +0 dagger
rCold    . . .     Gourm    .   (no shield)
rNeg     . . .     Faith    .   a - +0 robe
rPois    .         Spirit   .   (no helmet)
rElec    .         Reflect  .   (no cloak)
rCorr    .         Harm     .   (no gloves)
MR       .....                  (no boots)
Stlth    ++........             (no amulet)
HPRegen  0.28/turn              (no ring)
MPRegen  0.10/turn              (no ring)

@: lethally poisoned (-2 -> -2), regenerating quickly
A: no food, fangs 3, see invisible, unbreathing
a: Exsanguinate


You were on level 3 of the Dungeon.
You were alive.

You visited 1 branch of the dungeon, and saw 4 of its levels.

You collected 51 gold pieces.

Inventory:

Hand Weapons
 f - a +0 mace
 h - a +0 dagger (weapon)
Missiles
 e - 40 stones (quivered)
 i - 21 sling bullets
Armour
 a - a +0 robe (worn)
Scrolls
 c - a scroll of fog {unknown}
 d - a scroll of fear {unknown}
 g - a scroll of identify {unknown}
 j - a scroll of blinking {unknown}
 l - a scroll of immolation {unknown}
 n - a scroll of magic mapping {unknown}
Potions
 b - a potion of invisibility {unknown}
 k - 2 potions of curing {unknown}
 m - a potion of agility {unknown}


   Skills:
 * Level 1.0 Short Blades
 + Level 2.3 Dodging
 + Level 3.4 Stealth
 + Level 2.1 Spellcasting
 + Level 5.0 Necromancy


You had 4 spell levels left.
You knew the following spells:

 Your Spells              Type           Power        Failure   Level  Hunger
a - Pain                  Necr           ###.         2%          1    N/A
b - Animate Skeleton      Necr           N/A          2%          1    N/A

Your spell library contained the following spells:

 Spells                   Type           Power        Failure   Level  Hunger
 Vampiric Draining        Necr           ###.......   7%          3    N/A
 Regeneration             Chrm/Necr      ##........   21%         3    N/A
 Animate Dead             Necr           N/A          24%         4    N/A

Dungeon Overview and Level Annotations

Branches:
Dungeon (4/15)
 Temple: D:4-7

Altars:
Nemelex Xobeh


Innate Abilities, Weirdness & Mutations

You do not eat.
Your natural rate of healing is unusually fast.
You have razor-sharp teeth.
You have supernaturally acute eyesight. (SInv)
You can survive without breathing.


Message History

The worker ant bites you.
Your memorisation is interrupted.
Casting: Animate Skeleton (safe; 2% risk of failure)
Confirm with . or Enter, or press ? or * to list all spells.
You don't know that spell.
You hit the worker ant but do no damage.
The goblin shouts!
You hear a shout! x3
The orc barely misses you. The worker ant bites you.
You barely miss the worker ant. The worker ant misses you.
The orc barely misses you.
An orc comes into view. It is wielding a +0 mace.
You closely miss the worker ant. The worker ant bites you.
You are poisoned.
The worker ant poisons you! The orc hits you but does no damage.
The worker ant bites you.
You hit the worker ant but do no damage.
Your bite misses the worker ant.
You feel sick. The orc hits you with a +0 club.
* * * LOW HITPOINT WARNING * * *
The worker ant bites you.
You die...

...%# ....#########
....#.......#
#...#.......# ##
#...#.......# ...
#...#.......#### ....
.....>.......%.. $....
#.###.......######g.....
#. #........ooo@ab...o.
#. ####....############
#. ##^.....## #.
#........##
..#............##
#.[..........o#
#.............#
...............#
..........[..o.#


You could see a worker ant, an orc wizard, 3 orcs, a goblin and a bat.

Vanquished Creatures
  An adder (D:2)
  5 bats
  4 giant cockroaches (D:2)
  A hobgoblin (D:1)
  2 kobolds (D:3)
  A quokka skeleton (D:3)
  4 rats
18 creatures vanquished.

Vanquished Creatures (collateral kills)
  A bat (D:1)
  A hobgoblin (D:1)
  A rat (D:1)
3 creatures vanquished.

Grand Total: 21 creatures vanquished

Notes
Turn   | Place    | Note
-------+----------+-------------------------------------------
     0 | D:1      | yoda5477 the Vampire Necromancer began the quest for the
                  | Orb.
     0 | D:1      | Reached XP level 1. HP: 13/13 MP: 3/3
    31 | D:1      | Learned a level 1 spell: Animate Skeleton
   288 | D:1      | Found a sparkling altar of Nemelex Xobeh.
   424 | D:1      | Reached XP level 2. HP: 18/19 MP: 1/5
   987 | D:2      | Reached skill level 5 in Necromancy
  1003 | D:2      | Reached skill level 1 in Short Blades
  1180 | D:2      | You fall into a shaft and drop 1 floor!
  1202 | D:3      | Reached XP level 3. HP: 18/24 MP: 6/6
  1291 | D:3      | Slain by a worker ant

Levels and vault maps discovered:
D:1:      sevenhm_arrival_forest_fort_small_4, layout_basic,
          nemelex_altar_shiori
D:2:      layout_basic, okawaru_altar_gauntlet_db, kiku_gazebo_garden_becter,
          nicolae_qazlal_style_of_elements,
          chequers_ecumenical_altar_simple_redux
D:3:      layout_basic, gammafunk_ghost_cemetery, first_ration, dk_vineyard_2
D:4:      layout_cave_pools, kennysheep_little_box, led_sif_pool,
          enter_ossuary_1

Skill      XL: |  1  2 |
---------------+-------+-----
Necromancy     | 5 |  5.0
Short Blades   | 1 |  1.0
Dodging        | |  2.3
Stealth        | |  3.4
Spellcasting   | |  2.1

Action                   || total
-------------------------++-------
Melee: Mace              ||     5
       Dagger            ||    33
       Bite              ||     3
 Cast: Animate Skeleton  ||     7
       Pain              ||    19
 Stab: Sleeping          ||     3
       Distracted        ||     1
Armor: Robe              ||     9
Dodge: Dodged            ||    28

Table legend:
 A = Non-vault XP
 B = Vault XP
 C = Vault XP percentage of total XP
 D = Non-vault monster count
 E = Vault monster count
 F = Vault count percentage of total count
                 A         B        C        D         E       F
            +---------+---------+-------+---------+---------+-------
      Total |      44 |       0 |   0.0 |      21 |       0 |   0.0
            +---------+---------+-------+---------+---------+-------
        D:1 |      14 |       0 |   0.0 |       9 |       0 |   0.0
        D:2 |      25 |       0 |   0.0 |       8 |       0 |   0.0
        D:3 |       5 |       0 |   0.0 |       4 |       0 |   0.0
            +---------+---------+-------+---------+---------+-------
